PUB
REDWOOD PIONEERS @ CHI-TOWN COALITION
05/30/1972
 
TOP OF THE 1ST
Redwood Pioneers batting - Pitching for Chi-town Coalition : RHP Nori Takahashi
Pitching: RHP Nori Takahashi
Batting: LHB Bobby Murcer 0-0: Swinging Strike
0-1: Called Strike
0-2: Foul Ball, location: 7LDF
0-2: Ball
1-2: Strikes out looking
Batting: RHB Alfredo Nannini 0-0: Foul Ball, location: 2F
0-1: Ball
1-1: Ball
2-1: Ball
3-1: Ground out 5-3 (Groundball, 56, EV 86.3 MPH)
Batting: LHB Jerry Gregory 0-0: Ground out 4-3 (Groundball, 34, EV 81.9 MPH)
Top of the 1st over - 0 runs, 0 hits, 0 errors, 0 left on base; Redwood 0 - Chi-town 0
BOTTOM OF THE 1ST
Chi-town Coalition batting - Pitching for Redwood Pioneers : RHP Robby Woodrow
Pitching: RHP Robby Woodrow
Batting: LHB Pedro Díaz 0-0: Bunted foul
0-1: Ball
1-1: Foul Ball, location: 5SF
1-2: Ball
2-2: Ground out U3 (Groundball, 34, EV 103.1 MPH)
Batting: RHB Jonathan Parker 0-0: Ball
1-0: SINGLE (Groundball, 6MD, EV 95.0 MPH)
Batting: LHB Willie McCovey 0-0: Ball
1-0: Foul Ball, location: 5F
1-1: Ball
Balk!
Jonathan Parker to second
2-1: Swinging Strike
2-2: Ball
3-2: 2-RUN HOME RUN (Flyball, 89XD, EV 103.1 MPH), Distance : 402 ft
Batting: LHB Juan Álvarez 0-0: Fly out, F8 (Flyball, 8LD, EV 103.8 MPH)
Batting: LHB Pat Forbes 0-0: Called Strike
0-1: Ball
1-1: Ball
2-1: Called Strike
2-2: Foul Ball, location: 5F
2-2: Ground out 6-3 (Groundball, 6, EV 76.3 MPH)
Bottom of the 1st over - 2 runs, 2 hits, 0 errors, 0 left on base; Redwood 0 - Chi-town 2
TOP OF THE 2ND
Redwood Pioneers batting - Pitching for Chi-town Coalition : RHP Nori Takahashi
Batting: RHB José Moya 0-0: Ball
1-0: Called Strike
1-1: Swinging Strike
1-2: Ball
2-2: Ball
3-2: Fly out, F5 (Popup, 56S, EV 79.4 MPH)
Batting: LHB Howard York 0-0: Called Strike
0-1: Called Strike
0-2: Foul Ball, location: 7LMF
0-2: Ball
1-2: Strikes out swinging
Batting: RHB Joe Givens 0-0: Called Strike
0-1: SOLO HOME RUN (Flyball, 89XD, EV 97.5 MPH), Distance : 378 ft
Batting: LHB Tomás Bernal 0-0: Ball
1-0: Ball
2-0: Foul Ball, location: 7LDF
2-1: Swinging Strike
2-2: Ball
3-2: SINGLE (Line Drive, 9S, EV 103.1 MPH)
Batting: RHB Haywood Andrews 0-0: Ball
Tomás Bernal steals 2nd base (no throw)
1-0: Ball
Passed Ball!
Tomás Bernal to third
2-0: Foul Ball, location: 2F
2-1: Swinging Strike
2-2: Strikes out swinging
Top of the 2nd over - 1 run, 2 hits, 0 errors, 1 left on base; Redwood 1 - Chi-town 2
BOTTOM OF THE 2ND
Chi-town Coalition batting - Pitching for Redwood Pioneers : RHP Robby Woodrow
Batting: RHB Joe Torre 0-0: Swinging Strike
0-1: Ball
1-1: Ground out 1-3 (Groundball, P, EV 69.4 MPH)
Batting: RHB Florent Dupré 0-0: Called Strike
0-1: Ball
1-1: Ground out U3 (Groundball, 34S, EV 71.3 MPH)
Batting: SHB Paul Logan 0-0: Ball
1-0: Ground out 4-3 (Groundball, 4, EV 85.6 MPH)
Bottom of the 2nd over - 0 runs, 0 hits, 0 errors, 0 left on base; Redwood 1 - Chi-town 2
TOP OF THE 3RD
Redwood Pioneers batting - Pitching for Chi-town Coalition : RHP Nori Takahashi
Batting: LHB Robby Woodrow 0-0: Called Strike
0-1: Foul Ball, location: 2F
0-2: Ball
1-2: Strikes out swinging
Batting: LHB Bobby Murcer 0-0: Swinging Strike
0-1: Swinging Strike
0-2: Strikes out swinging
Batting: RHB Alfredo Nannini 0-0: Called Strike
0-1: Foul Ball, location: 3F
0-2: Hit by Pitch
Batting: LHB Jerry Gregory 0-0: Ball
1-0: Called Strike
1-1: Called Strike
1-2: Ball
Wild Pitch!
Alfredo Nannini to second
2-2: Strikes out swinging
Top of the 3rd over - 0 runs, 0 hits, 0 errors, 1 left on base; Redwood 1 - Chi-town 2
BOTTOM OF THE 3RD
Chi-town Coalition batting - Pitching for Redwood Pioneers : RHP Robby Woodrow
Batting: LHB Nori Takahashi 0-0: Called Strike
0-1: Foul Ball, location: 3F
0-2: Ball
1-2: Foul Ball, location: 9LSFF
1-2: Strikes out swinging
Batting: LHB Pedro Díaz 0-0: Called Strike
0-1: Ball
1-1: Ball
2-1: Foul Ball, location: 7LSF
2-2: Ball
3-2: Strikes out swinging
Batting: RHB Jonathan Parker 0-0: SINGLE (Line Drive, 4D, EV 100.0 MPH)
Batting: LHB Willie McCovey 0-0: Ball
1-0: Foul Ball, location: 25F
1-1: Swinging Strike
1-2: Hit by Pitch
Jonathan Parker to second
Batting: LHB Juan Álvarez 0-0: Foul Ball, location: 7LMF
0-1: Called Strike
0-2: Foul Ball, location: 9LMF
0-2: Ball
1-2: Ball
2-2: Ball
3-2: Strikes out looking
Bottom of the 3rd over - 0 runs, 1 hit, 0 errors, 2 left on base; Redwood 1 - Chi-town 2
TOP OF THE 4TH
Redwood Pioneers batting - Pitching for Chi-town Coalition : RHP Nori Takahashi
Batting: RHB José Moya 0-0: Fly out, F9 (Flyball, 9S, EV 99.4 MPH)
Batting: LHB Howard York 0-0: Ball
1-0: Ball
2-0: TRIPLE (Flyball, 9LD, EV 108.8 MPH)
Batting: RHB Joe Givens 0-0: Called Strike
0-1: Ball
1-1: SINGLE (Groundball, 6D, EV 106.3 MPH)
Howard York scores
Batting: LHB Tomás Bernal 0-0: Ball
1-0: Called Strike
1-1: Called Strike
1-2: SINGLE (Groundball, 13, EV 70.6 MPH) (infield hit)
Joe Givens to second
Batting: RHB Haywood Andrews 0-0: Called Strike
0-1: Swinging Strike
0-2: Ball
1-2: Foul Ball, location: 9LSF
1-2: Foul Ball, location: 2F
1-2: SINGLE (Groundball, 6MD, EV 94.4 MPH)
Joe Givens to third
Tomás Bernal to second
Batting: LHB Robby Woodrow 0-0: Foul Ball, location: 3FF
0-1: Called Strike
0-2: Foul Ball, location: 5FF
0-2: Ball
1-2: Strikes out looking
Batting: LHB Bobby Murcer 0-0: Swinging Strike
0-1: Ball
1-1: Called Strike
1-2: Foul Ball, location: 2F
1-2: Ball
2-2: Foul Ball, location: 23F
2-2: Ball
3-2: Foul Ball, location: 7LMFF
3-2: Strikes out looking
Top of the 4th over - 1 run, 4 hits, 0 errors, 3 left on base; Redwood 2 - Chi-town 2
BOTTOM OF THE 4TH
Chi-town Coalition batting - Pitching for Redwood Pioneers : RHP Robby Woodrow
Batting: LHB Pat Forbes 0-0: Ball
1-0: Called Strike
1-1: Foul Ball, location: 7LDF
1-2: Ball
2-2: Ball
3-2: Base on Balls
Batting: RHB Joe Torre 0-0: Fielders Choice at 2nd, 5-4 (Groundball, 56S, EV 85.6 MPH)
Batting: RHB Florent Dupré 0-0: Called Strike
0-1: Ground out 6-3 (Groundball, 6, EV 86.3 MPH)
Joe Torre to second
Batting: SHB Paul Logan 0-0: Ball
1-0: Ball
2-0: Called Strike
2-1: Ball
3-1: Ground out U3 (Groundball, 3L, EV 87.5 MPH)
Bottom of the 4th over - 0 runs, 0 hits, 0 errors, 1 left on base; Redwood 2 - Chi-town 2
TOP OF THE 5TH
Redwood Pioneers batting - Pitching for Chi-town Coalition : RHP Nori Takahashi
Batting: RHB Alfredo Nannini 0-0: Ball
1-0: Swinging Strike
1-1: Called Strike
1-2: Foul Ball, location: 2F
1-2: Strikes out looking
Batting: LHB Jerry Gregory 0-0: SOLO HOME RUN (Flyball, 9D, EV 93.1 MPH), Distance : 352 ft
Batting: RHB José Moya 0-0: Called Strike
0-1: Ball
1-1: Foul Ball, location: 9LDF
1-2: Ball
2-2: Strikes out swinging
Batting: LHB Howard York 0-0: Called Strike
0-1: Ball
1-1: Ball
2-1: Swinging Strike
2-2: Strikes out swinging
Top of the 5th over - 1 run, 1 hit, 0 errors, 0 left on base; Redwood 3 - Chi-town 2
BOTTOM OF THE 5TH
Chi-town Coalition batting - Pitching for Redwood Pioneers : RHP Robby Woodrow
Batting: LHB Nori Takahashi 0-0: Called Strike
0-1: Ball
1-1: Foul Ball, location: 2RF
1-2: Foul Ball, location: 2RF
1-2: Ball
2-2: Foul Ball, location: 2F
2-2: Strikes out swinging
Batting: LHB Pedro Díaz 0-0: Ball
1-0: Foul Ball, location: 3SF
1-1: Swinging Strike
1-2: Ball
2-2: Foul Ball, location: 7LSFF
2-2: Ball
3-2: SINGLE (Line Drive, 34D, EV 66.3 MPH)
Batting: RHB Jonathan Parker 0-0: Ball
Pedro Díaz steals 2nd base
1-0: Ball
2-0: Ground out 3-1 (Groundball, 34S, EV 69.4 MPH)
Pedro Díaz to third
Batting: LHB Willie McCovey 0-0: Reached on error, E4 (Groundball, 4, EV 81.3 MPH)
Pedro Díaz scores
Batting: LHB Juan Álvarez 0-0: Ball
1-0: Called Strike
1-1: Swinging Strike
1-2: Strikes out swinging
Bottom of the 5th over - 1 run, 1 hit, 1 error, 1 left on base; Redwood 3 - Chi-town 3
TOP OF THE 6TH
Redwood Pioneers batting - Pitching for Chi-town Coalition : RHP Nori Takahashi
Batting: RHB Joe Givens 0-0: Foul Ball, location: 7LDF
0-1: Fly out, F8 (Flyball, 8LD, EV 93.1 MPH)
Batting: LHB Tomás Bernal 0-0: Foul Ball, location: 7LMFF
0-1: Ball
1-1: Called Strike
1-2: Strikes out swinging
Batting: RHB Haywood Andrews 0-0: Ball
1-0: Ground out 6-3 (Groundball, 6, EV 76.3 MPH)
Top of the 6th over - 0 runs, 0 hits, 0 errors, 0 left on base; Redwood 3 - Chi-town 3
BOTTOM OF THE 6TH
Chi-town Coalition batting - Pitching for Redwood Pioneers : RHP Robby Woodrow
Batting: LHB Pat Forbes 0-0: Foul Ball, location: 2F
0-1: Foul Ball, location: 2F
0-2: Ball
1-2: Ball
2-2: Ball
3-2: Foul Ball, location: 7LSF
3-2: DOUBLE (Line Drive, 78M, EV 96.9 MPH)
Batting: RHB Joe Torre 0-0: Swinging Strike
0-1: Swinging Strike
0-2: Ball
1-2: Ball
2-2: Strikes out swinging
Pitching: RHP Kanko Fukuda
Now at 3B: Al Lung
Batting: RHB Florent Dupré 0-0: Foul Ball, location: 5F
0-1: Ball
1-1: Ball
2-1: Fly out, F9 (Flyball, 9, EV 90.0 MPH)
Batting: SHB Paul Logan 0-0: Intentional Walk
Batting: LHB Nori Takahashi 0-0: SINGLE (Groundball, 6MD, EV 98.8 MPH)
Pat Forbes to third
Paul Logan to second
Throwing error, E8
Pat Forbes scores
Paul Logan to third
Nori Takahashi to second
Batting: LHB Pedro Díaz 0-0: Ball
1-0: Foul Ball, location: 2F
1-1: DOUBLE (Line Drive, 8RXD, EV 104.4 MPH)
Paul Logan scores
Nori Takahashi scores
Pinch Runner at 2nd Billy Conigliaro:
Batting: RHB Jonathan Parker 0-0: Called Strike
0-1: Ball
1-1: SINGLE (Line Drive, 7LS, EV 110.6 MPH)
Billy Conigliaro to third
Runner from 3rd tries for Home, SAFE, throw by LF to home
Pitching: RHP Michael O'Neill
Batting: LHB Willie McCovey 0-0: Ball
1-0: Called Strike
1-1: Swinging Strike
1-2: Strikes out looking
Bottom of the 6th over - 4 runs, 4 hits, 1 error, 1 left on base; Redwood 3 - Chi-town 7
TOP OF THE 7TH
Redwood Pioneers batting - Pitching for Chi-town Coalition : RHP Nori Takahashi
Now in CF: Jim L Hickman
Now in RF: Juan Álvarez
Batting: RHB Al Lung 0-0: Ball
1-0: Ground out 4-3 (Groundball, 4, EV 100.0 MPH)
Batting: LHB Bobby Murcer 0-0: Called Strike
0-1: Ball
1-1: Called Strike
1-2: Ball
2-2: Foul Ball, location: 5SF
2-2: Foul Ball, location: 2F
2-2: Fly out, F8 (Flyball, 8LD, EV 110.6 MPH)
Batting: RHB Alfredo Nannini 0-0: Ball
1-0: Ball
2-0: Ball
3-0: Base on Balls
Batting: LHB Jerry Gregory 0-0: Called Strike
0-1: Foul Ball, location: 7LMF
0-2: Foul Ball, location: 2F
0-2: Ground out 4-3 (Groundball, 34, EV 87.5 MPH)
Top of the 7th over - 0 runs, 0 hits, 0 errors, 1 left on base; Redwood 3 - Chi-town 7
BOTTOM OF THE 7TH
Chi-town Coalition batting - Pitching for Redwood Pioneers : RHP Michael O'Neill
Batting: LHB Juan Álvarez 0-0: Ball
1-0: Ball
2-0: Ball
3-0: Called Strike
3-1: Swinging Strike
3-2: Strikes out swinging
Batting: LHB Pat Forbes 0-0: Called Strike
0-1: Called Strike
0-2: SINGLE (Groundball, 4MD, EV 106.3 MPH)
Batting: RHB Joe Torre 0-0: Called Strike
0-1: Foul Ball, location: 2F
0-2: Strikes out swinging
Batting: RHB Florent Dupré 0-0: Hit by Pitch
Pat Forbes to second
Batting: SHB Paul Logan 0-0: Ball
1-0: Swinging Strike
1-1: Called Strike
1-2: Foul Ball, location: 2F
1-2: Ground out U3 (Groundball, 3L, EV 85.6 MPH)
Bottom of the 7th over - 0 runs, 1 hit, 0 errors, 2 left on base; Redwood 3 - Chi-town 7
TOP OF THE 8TH
Redwood Pioneers batting - Pitching for Chi-town Coalition : RHP Nori Takahashi
Batting: RHB José Moya 0-0: Called Strike
0-1: Swinging Strike
0-2: Ball
1-2: Ball
2-2: Ball
3-2: Foul Ball, location: 2F
3-2: Foul Ball, location: 23F
3-2: Foul Ball, location: 2F
3-2: Base on Balls
Batting: LHB Howard York 0-0: Ball
1-0: SINGLE (Groundball, 6MD, EV 100.0 MPH)
José Moya to second
Runner from 2nd tries for 3rd, SAFE after rundown.
Batting: RHB Joe Givens 0-0: Ball
1-0: Called Strike
1-1: Ball
2-1: SINGLE (Line Drive, 7S, EV 100.0 MPH)
José Moya scores
Howard York to second
Batting: LHB Tomás Bernal 0-0: Called Strike
0-1: Ball
1-1: Ball
2-1: Ball
3-1: Foul Ball, location: 2F
3-2: Foul Ball, location: 5F
3-2: Foul Ball, location: 2F
3-2: Foul Ball, location: 2F
3-2: SINGLE (Line Drive, 89S, EV 102.5 MPH)
Howard York to third
Joe Givens to second
Pinch Hitting: LHB Danny Meehan 0-0: Ball
1-0: Called Strike
1-1: Fly out, F7 (Flyball, 7D, EV 87.5 MPH)
Runner from 3rd tags up, SCORES, no throw by LF
Batting: RHB Al Lung 0-0: Called Strike
0-1: Foul Ball, location: 7LSF
0-2: Strikes out swinging
Batting: LHB Bobby Murcer 0-0: Foul Ball, location: 7LMFF
0-1: Foul Ball, location: 2F
0-2: Ball
1-2: Foul Ball, location: 5F
1-2: Strikes out swinging
Top of the 8th over - 2 runs, 3 hits, 0 errors, 2 left on base; Redwood 5 - Chi-town 7
BOTTOM OF THE 8TH
Chi-town Coalition batting - Pitching for Redwood Pioneers : RHP Michael O'Neill
Pitching: RHP Alberto Gonzáles
Pinch Hitting: RHB Michael Patrick 0-0: Called Strike
0-1: Ball
1-1: Foul Ball, location: 2F
1-2: Fly out, F9 (Flyball, 89M, EV 85.0 MPH)
Batting: RHB Jim L Hickman 0-0: Ball
1-0: Ball
2-0: Ball
3-0: Called Strike
3-1: Called Strike
3-2: Foul Ball, location: 7LMF
3-2: Base on Balls
Batting: RHB Jonathan Parker 0-0: Foul Ball, location: 3FF
0-1: Ball
1-1: Ball
2-1: Ball
3-1: Foul Ball, location: 25F
3-2: Fly out, F7 (Flyball, 7S, EV 91.9 MPH)
Batting: LHB Willie McCovey 0-0: Called Strike
0-1: Ball
1-1: Foul Ball, location: 5SF
1-2: Ball
2-2: Foul Ball, location: 7LMF
2-2: Strikes out swinging
Bottom of the 8th over - 0 runs, 0 hits, 0 errors, 1 left on base; Redwood 5 - Chi-town 7
TOP OF THE 9TH
Redwood Pioneers batting - Pitching for Chi-town Coalition : RHP Nori Takahashi
Pitching: RHP Juan Sánchez
Batting: RHB Alfredo Nannini 0-0: Foul Ball, location: 9LSF
0-1: Swinging Strike
0-2: SINGLE (Groundball, 6MS, EV 70.6 MPH) (infield hit)
Batting: LHB Jerry Gregory 0-0: Ball
1-0: Called Strike
1-1: Ball
2-1: Ball
3-1: Foul Ball, location: 3F
3-2: Strikes out swinging
Alfredo Nannini is caught stealing 2nd base 2-6
Batter strikes out.
Batting: RHB José Moya 0-0: Swinging Strike
0-1: Ball
1-1: Ball
2-1: Called Strike
2-2: Strikes out swinging
Top of the 9th over - 0 runs, 1 hit, 0 errors, 0 left on base; Redwood 5 - Chi-town 7
Thursday, March 21st , 2024 - OOTP Baseball 24.8 Build 75